Map: Eternal Empire LE

Players

ShoWTimE

  • Race: Protoss Protoss
  • Spawn Location: 1:00

HeroMarine - Winner!

  • Race: Terran Terran
  • League: Master
  • Spawn Location: 7:00

Event: StayAtHomestory Cup #2

VOD

Have the link to the VOD?

Description

Time

  • Played on: June 12, 2020, 7:50 a.m.
  • Length: 14:20

All games in this series

Show
View Real Time Build Order
Export as new Build Order

ShoWTimE Protoss 

Build Orders: Blink Stalkers 

Get SALT Encoding   

  12  0:00  Probe  
  13  0:12  Probe  
  14  0:18  Pylon  
  14  0:24  Probe  
  15  0:34  Pylon  
  15  0:36  Probe  
  16  0:49  Probe  
  17  0:52  Gateway  
  17  1:00  Assimilator  
  17  1:01  Probe  
  18  1:13  Probe  
  19  1:25  Probe  
  20  1:31  Zealot  
  22  1:41  Cybernetics Core  
  22  1:49  Zealot  
  22  1:50  Nexus  
  25  2:01  Probe  
  25  2:05  Assimilator  
  25  2:09  Stalker  
  25  2:13  Probe  
  28  2:27  Probe  
  26  2:38  Shield Battery  
  26  2:39  Probe, Warp Gate  
  26  2:41  Stalker  
  28  2:51  Probe  
  28  3:02  Probe  
  28  3:03  Probe  
  28  3:04  Twilight Council  
  30  3:12  Probe  
  30  3:15  Probe  
  32  3:20  Probe  
  32  3:21  Blink  
  32  3:27  Probe, Gateway  
  33  3:29  Probe  
  35  3:39  Probe  
  35  3:41  Probe  
  37  3:50  Robotics Facility  
  37  3:51  Probe  
  37  3:53  Probe  
  39  4:04  Probe  
  39  4:05  Probe  
  41  4:11  Pylon  
  41  4:12  Pylon  
  41  4:16  Probe  
  42  4:17  Probe  
  43  4:28  Probe  
  43  4:29  Probe, Stalker x2  
  49  4:37  Observer  
  50  4:39  Nexus  
  50  4:40  Probe  
  50  4:42  Pylon  
  50  4:44  Probe  
  52  4:51  Assimilator  
  52  4:52  Probe  
  53  4:56  Probe  
  53  4:58  Stalker x2  
  53  4:59  Observer  
  59  5:04  Probe  
  60  5:08  Probe  
  59  5:16  Probe  
  59  5:20  Probe  
  61  5:22  Observer  
  61  5:26  Stalker  
  64  5:28  Probe  
  64  5:32  Probe  
  64  5:34  Pylon  
  66  5:36  Forge  
  66  5:37  Probe  
  66  5:40  Probe  
  66  5:41  Stalker  
  69  5:46  Probe  
  69  5:47  Pylon  
  69  5:48  Probe  
  68  5:51  Protoss Ground Armor Level 1, Probe  
  68  5:56  Charge, Probe  
  71  5:59  Probe  
  71  6:00  Gateway  
  71  6:04  Probe  
  74  6:06  Gateway  
  74  6:08  Probe, Gateway  
  75  6:13  Probe  
  75  6:16  Probe, Assimilator  
  75  6:18  Sentry  
  79  6:21  Probe, Gateway  
  81  6:25  Probe  
  81  6:29  Probe  
  82  6:33  Probe, Gateway  
  82  6:34  Assimilator x2  
  82  6:37  Probe  
  82  6:38  Templar Archives  
  84  6:41  Probe  
  84  6:44  Shield Battery  
  86  6:48  Pylon  
  86  6:49  Gateway  
  86  6:50  Gateway  
  87  7:00  Pylon  
  85  7:02  Sentry  
  85  7:03  Forge  
  85  7:04  Immortal  
  85  7:05  Psionic Storm  
  85  7:07  Zealot  
  93  7:12  Probe  
  94  7:17  Photon Cannon  
  94  7:19  Photon Cannon  
  94  7:21  Photon Cannon  
  94  7:22  Pylon  
  94  7:28  High Templar  
  96  7:30  Probe  
  96  7:31  Probe  
  97  7:46  Nexus, High Templar  
  97  7:47  High Templar, Warp Prism  
  97  7:48  Protoss Ground Weapons Level 1  
  97  7:51  High Templar  
  103  7:52  Zealot x3  
  110  8:02  Zealot x2  
  114  8:06  Pylon  
  114  8:15  Pylon  
  114  8:16  Pylon, Shield Battery  
  114  8:21  Zealot x2  
  114  8:24  Probe  
  114  8:25  Probe  
  119  8:29  Probe  
  119  8:30  Protoss Ground Armor Level 2  
  112  8:39  Zealot x2  
  110  8:42  Zealot x6  
  110  8:47  Probe  
  110  8:48  Observer  
  122  8:54  Probe  
  122  8:55  Probe  
  124  8:58  Probe  
  124  8:59  Probe  
  126  9:03  Photon Cannon  
  126  9:04  High Templar, Pylon  
  126  9:05  Zealot x3  
  134  9:10  Zealot x2  
  134  9:11  Observer  
  139  9:17  Probe x3  
  139  9:21  Pylon  
  142  9:27  Shield Battery  
  142  9:30  Pylon  
  142  9:32  Zealot x3  
  142  9:33  Sentry, Zealot x2  
  148  9:40  Zealot x2  
  148  9:44  Archon  
  120  9:54  Zealot x5  
  120  9:56  Observer  
  120  9:58  Protoss Ground Weapons Level 2, Stalker  
  130  10:07  Immortal  
  130  10:11  Zealot x2  
  134  10:19  High Templar x3  
  134  10:20  High Templar  
  144  10:22  Zealot x2  
  144  10:24  Archon x2  
  138  10:31  Zealot  
  138  10:33  Zealot  
  138  10:38  Probe  
  138  10:41  Immortal  
  139  10:48  Nexus  
  139  10:49  High Templar x2  
  147  10:52  Pylon  
  147  10:53  Protoss Ground Armor Level 3  
  147  10:54  High Templar  
  147  10:57  Gateway  
  147  11:00  Gateway, Zealot x5  
  147  11:02  Dark Shrine  
  155  11:05  Photon Cannon  
  155  11:07  Robotics Bay, Assimilator  
  155  11:08  Robotics Facility  
  155  11:11  Assimilator  
  155  11:22  Sentry x2  
  155  11:23  Zealot x5  
  169  11:26  Stalker  
  169  11:30  Photon Cannon  
  169  11:31  Photon Cannon  
  171  11:34  Unknown  
  171  11:44  Stalker x5  
  138  12:02  Zealot  
  138  12:03  Zealot x4  
  138  12:05  Probe x2  
  141  12:13  Disruptor x2  
  120  12:15  Zealot  
  120  12:16  Zealot  
  120  12:20  Zealot x3  
  115  12:25  Probe  
  115  12:28  High Templar x5  
  132  12:36  Stalker x2  
  136  12:37  Probe x2  
  136  12:46  High Templar x2  
  136  12:48  Probe, Photon Cannon  
  136  12:49  Warp Prism  
  136  12:50  Photon Cannon  
  143  12:52  Disruptor  
  143  12:55  Dark Templar  
  140  13:03  Zealot x5  
  145  13:18  Zealot x3  
  145  13:19  Archon  
  148  13:25  Immortal  
  150  13:28  Disruptor, Zealot x5  
  150  13:32  Dark Templar  
  153  13:52  High Templar x5  
  163  13:56  Archon x2  
  163  13:58  Nexus  
  163  14:01  Pylon  
  160  14:08  Archon  
  160  14:09  Dark Templar x3  
  123  14:17  Zealot x2  
Show
View Real Time Build Order
Export as new Build Order

HeroMarine Terran - Winner!

Build Orders: Reaper Expand 

Get SALT Encoding   

  12  0:00  SCV  
  13  0:12  SCV  
  14  0:17  Supply Depot  
  14  0:25  SCV  
  15  0:38  SCV  
  15  0:40  Barracks  
  16  0:43  Refinery  
  16  0:50  SCV  
  17  1:03  SCV  
  18  1:15  SCV  
  19  1:27  Orbital Command, Reaper  
  20  1:45  Command Center  
  20  1:50  Supply Depot  
  20  1:54  SCV  
  20  2:00  Marine  
  22  2:08  SCV  
  23  2:14  Factory  
  23  2:20  SCV  
  24  2:25  Bunker  
  24  2:28  Marine  
  25  2:32  SCV  
  24  2:44  SCV  
  24  2:46  Marine  
  25  2:56  SCV  
  26  3:05  Barracks Reactor  
  25  3:08  SCV  
  25  3:09  Starport  
  25  3:10  Refinery  
  25  3:15  Widow Mine  
  27  3:22  Orbital Command  
  27  3:25  SCV  
  28  3:37  SCV  
  28  3:39  Widow Mine  
  31  3:44  Marine x2  
  31  3:48  Medivac  
  34  3:49  SCV  
  34  3:51  SCV  
  36  4:01  SCV  
  37  4:03  SCV  
  37  4:06  Armory  
  38  4:10  Supply Depot  
  38  4:13  SCV  
  38  4:14  Marine  
  38  4:15  SCV  
  41  4:18  Widow Mine x2  
  45  4:25  SCV  
  46  4:31  SCV, Medivac  
  46  4:35  Supply Depot  
  46  4:37  SCV  
  50  4:43  SCV  
  50  4:44  Marine x2  
  53  4:45  Factory Tech Lab  
  53  4:50  SCV  
  54  4:56  SCV  
  54  4:57  Supply Depot  
  55  5:02  SCV, Marine x2  
  55  5:07  Command Center  
  56  5:14  SCV x2  
  56  5:20  Siege Tank, Marine x2  
  63  5:22  Supply Depot  
  63  5:26  SCV  
  63  5:27  SCV  
  65  5:36  Starport Tech Lab  
  65  5:37  Barracks  
  65  5:38  Barracks, SCV  
  65  5:39  SCV  
  67  5:48  Marine, Refinery  
  68  5:50  Marine, Refinery  
  68  5:51  SCV  
  68  5:52  SCV, Siege Tank  
  74  6:02  Supply Depot  
  74  6:03  Raven  
  76  6:10  SCV x2  
  78  6:12  Engineering Bay x2  
  78  6:18  Marine x2  
  78  6:20  Orbital Command  
  78  6:22  SCV x2  
  82  6:26  Barracks  
  82  6:27  Barracks  
  82  6:34  SCV x2  
  82  6:35  Factory Reactor  
  82  6:38  Terran Infantry Weapons Level 1  
  84  6:40  Marine x2, Terran Infantry Armor Level 1  
  84  6:41  Marine  
  84  6:42  Stimpack  
  84  6:44  Orbital Command  
  84  6:46  Supply Depot  
  87  6:50  SCV x2  
  89  6:57  Starport Reactor  
  89  6:58  Combat Shield, Marine x2, Supply Depot  
  92  7:02  SCV x2  
  92  7:03  Marauder  
  92  7:04  Marauder  
  97  7:10  SCV  
  97  7:14  SCV x2  
  100  7:15  Barracks Tech Lab, Barracks Reactor  
  100  7:19  Supply Depot x2  
  100  7:20  Marine x2  
  100  7:22  SCV  
  103  7:23  Widow Mine  
  103  7:25  Widow Mine  
  103  7:26  SCV x2  
  103  7:29  Marauder x2  
  113  7:34  SCV  
  113  7:35  Medivac  
  116  7:38  SCV  
  116  7:40  SCV, Medivac  
  116  7:44  Supply Depot x2  
  120  7:45  Marine x2  
  120  7:46  Widow Mine  
  120  7:47  Widow Mine  
  120  7:50  SCV x2  
  120  7:51  Marauder  
  128  7:52  SCV  
  128  7:54  Marine x2, Refinery x2  
  131  7:59  Marauder  
  131  8:03  Supply Depot  
  131  8:05  Supply Depot, Marauder  
  135  8:07  Marine  
  135  8:08  Marine, Widow Mine x2  
  135  8:11  Marine  
  142  8:15  Concussive Shells  
  142  8:17  Medivac x2  
  146  8:20  Marine, Marauder  
  146  8:21  Marine  
  146  8:26  Marauder  
  143  8:35  Marauder  
  143  8:37  Marine  
  140  8:42  Marauder  
  140  8:43  Widow Mine x2  
  140  8:47  SCV x3, Command Center  
  140  8:48  Marauder  
  149  8:49  Marine x2, Supply Depot  
  149  8:50  Marine  
  152  8:56  Marauder  
  152  8:59  Terran Infantry Weapons Level 2  
  152  9:00  Ghost Academy  
  154  9:03  Terran Infantry Armor Level 2, Marauder  
  154  9:09  Marauder  
  158  9:12  Marine x2  
  158  9:13  Marine  
  158  9:15  Widow Mine x2  
  165  9:17  Marauder  
  165  9:19  Marine, Medivac x2  
  165  9:24  Marine  
  172  9:31  Marauder  
  174  9:34  Marine  
  174  9:35  Marine  
  173  9:39  Marauder  
  173  9:41  Marine  
  173  9:42  Marine, Marauder  
  164  9:48  Widow Mine x2  
  164  9:49  Medivac  
  164  9:52  Marine x2, Marauder  
  158  9:56  Medivac  
  158  9:59  Marine x2, Enhanced Shockwaves  
  163  10:00  Marauder  
  163  10:04  Marauder  
  162  10:09  Widow Mine x2  
  162  10:10  Marine x2  
  162  10:14  Marauder  
  166  10:17  Marine x2  
  166  10:19  Barracks  
  166  10:20  Barracks  
  166  10:21  Barracks, Ghost  
  168  10:24  Marine  
  168  10:28  Marine x2  
  165  10:35  Terran Ship Weapons Level 1, Medivac x2, Widow Mine x2, Marauder  
  169  10:37  Marine x2  
  173  10:43  Marauder  
  173  10:46  Marine x2  
  174  10:51  Marauder  
  174  10:55  Marine  
  174  10:56  Ghost  
  179  10:58  Marine  
  179  11:03  Marine, Planetary Fortress  
  183  11:04  SCV x2, Marauder  
  183  11:05  SCV  
  183  11:09  Barracks Reactor  
  183  11:10  Barracks Tech Lab  
  186  11:12  Barracks Tech Lab, Marauder  
  188  11:19  SCV  
  188  11:20  SCV x2  
  188  11:25  Ghost, Marauder  
  195  11:27  Supply Depot  
  195  11:28  Missile Turret, Unknown  
  195  11:34  Starport  
  195  11:41  Ghost  
  195  11:46  Marine  
  196  11:48  Ghost  
  196  11:49  Marauder  
  198  11:56  Marauder  
  188  12:02  Marauder  
  188  12:04  Marine x2, Medivac x2  
  188  12:08  Marine x2  
  190  12:09  Ghost  
  190  12:10  Ghost  
  189  12:17  Marauder x2  
  189  12:20  Marine x2  
  189  12:21  Marine x2  
  192  12:24  Marauder  
  192  12:27  Command Center  
  192  12:38  Marauder x2  
  196  12:50  Marauder x2  
  188  13:01  Marine x2, Marauder x2  
  194  13:06  Viking x2  
  194  13:09  Marauder  
  194  13:11  Marauder  
  200  13:15  Ghost  
  191  13:29  Ghost  
  193  13:34  Command Center  
  193  13:36  Command Center  
  193  13:37  Marine x2, Marauder  
  193  13:41  Command Center  
  197  13:46  Fusion Core  
Tags
 
Add a new tag
Caveats
  • Supply blocks, unpowered buildings, or Contaminate may cause inaccurate times.
  • Supply counts are checked every 10 seconds.